 Dungeon Crawl Stone Soup version 0.27.1-1-g398f81649c (webtiles) character file.

Game seed: 17911059163035571878

86 Descartes the Covert (level 4, -1/23 HPs)
             Began as a Spriggan Delver on Sept 14, 2021.
             Slain by an iguana (10 damage)
             ... on level 5 of the Dungeon.
             The game lasted 00:02:14 (487 turns).

Descartes the Covert (Spriggan Delver)               Turns: 487, Time: 00:02:14

Health: -1/23      AC:  2    Str:  9    XL:     4   Next: 27%
Magic:  5/5        EV: 17    Int: 11    God:
Gold:   0          SH:  0    Dex: 16    Spells: 3/3 levels left

rFire    . . .     SeeInvis +   a - +0 short sword
rCold    . . .     Faith    .   (shield restricted)
rNeg     . . .     Spirit   .   b - +0 robe
rPois    .         Reflect  .   (helmet restricted)
rElec    .         Harm     .   (no cloak)
rCorr    .         Rampage  .   (gloves unavailable)
Will     .....                  (boots unavailable)
Stlth    ++++......             j - amulet of the acrobat
HPRegen  0.07/turn              (no ring)
MPRegen  0.09/turn              (no ring)

@: very quick
A: very small, no large weapons, unfitting armour, see invisible, speed 3
a: no special abilities


You were on level 5 of the Dungeon.
You visited 1 branch of the dungeon, and saw 2 of its levels.

Inventory:

Hand Weapons
 a - a +0 short sword (weapon)
Missiles
 h - 14 stones (quivered)
Armour
 b - a +0 robe (worn)
Jewellery
 j - an amulet of the acrobat (around neck)
Wands
 g - a wand of digging (3)
Scrolls
 c - a scroll of fog
 d - a scroll of magic mapping
 e - a scroll of fear
 i - a scroll of acquirement {unknown}
 k - a scroll of holy word {unknown}
Potions
 f - 2 potions of haste


   Skills:
 + Level 2.7 Fighting
 + Level 2.6 Short Blades
 + Level 2.8 Dodging
 + Level 9.1 Stealth


You had 3 spell levels left.
You didn't know any spells.
Your spell library was empty.

Dungeon Overview and Level Annotations

Branches:
Dungeon (5/15)
 Temple: D:4-7

Altars:
Fedhas

Annotations:
D:5 Dowan, Duvessa


Innate Abilities, Weirdness & Mutations

You are very small and have problems with some larger weapons.
You are too small for most types of armour.
You have supernaturally acute eyesight. (SInv)
You cover ground extremely quickly. (Speed+++)


Message History

You hit the iguana but do no damage.
The iguana is lightly wounded.
The iguana barely misses you.
You barely miss the iguana.
The iguana is lightly wounded.
The iguana barely misses you.
You barely miss the iguana.
The iguana is lightly wounded.
The iguana closely misses you.
You closely miss the iguana.
The iguana is lightly wounded.
The iguana closely misses you.
You hit the iguana.
The iguana is moderately wounded.
The iguana misses you.
You hit the iguana.
The iguana is moderately wounded.
The iguana barely misses you.
You hit the iguana.
The iguana is moderately wounded.
The iguana closely misses you.
You hit the iguana.
The iguana is heavily wounded.
The iguana barely misses you.
You hit the iguana but do no damage.
The iguana is heavily wounded.
The iguana misses you.
You barely miss the iguana.
The iguana is heavily wounded.
The iguana misses you.
You hit the iguana but do no damage.
The iguana is heavily wounded.
The iguana bites you.
You barely miss the iguana.
The iguana is heavily wounded.
The iguana bites you!
You hit the iguana but do no damage.
The iguana is heavily wounded.
The iguana bites you!
You die...

.. .. .. .# .# #####
.#############.### #....
.............#l..# ##...#
..........#..@.# #....#
..........#..#.# #....#
.........##..#.#.########....#
...............#.............#
..........##.######..........#
..................#.#####....#
########.....####.#.# #....#
#.#....#...#.# #.....
#.#..#..<#.#.# ######


You could see an iguana.

Vanquished Creatures
  A water moccasin zombie (D:5)
  A hound (D:5)
  A quokka (D:4)
3 creatures vanquished.

Notes
Turn   | Place    | Note
-------+----------+-------------------------------------------
     0 | D:5      | Descartes the Spriggan Delver began the quest for the Orb.
     0 | D:5      | Reached XP level 1. HP: 11/11 MP: 2/2
    24 | D:5      | Noticed a hound
    31 | D:5      | Killed a hound
    32 | D:5      | Reached skill level 8 in Stealth
    32 | D:5      | Reached XP level 2. HP: 16/16 MP: 3/3
    32 | D:5      | Reached XP level 3. HP: 19/19 MP: 4/4
    43 | D:5      | Noticed Duvessa
    43 | D:5      | Noticed Dowan
   167 | D:5      | Reached skill level 9 in Stealth
   167 | D:5      | Reached XP level 4. HP: 5/23 MP: 5/5
   424 | D:4      | Found a blossoming altar of Fedhas.
   487 | D:5      | Slain by an iguana

Illustrated notes

Levels and vault maps discovered:
D:4:      layout_basic, overflow_temple_1_default,
          minmay_temple_entry_glassed_door, uniq_sigmund
D:5:      layout_basic, uniq_pikel, uniq_edmund, uniq_blork_the_orc,
          uniq_duvessa, uniq_prince_ribbit1

Skill      XL: |  1  2  3 |
---------------+----------+-----
Stealth        | 8 9 |  9.1
Fighting       | |  2.7
Short Blades   | |  2.6
Dodging        | |  2.8

Action                   |  1- 3 |  4- 6 || total
-------------------------+-------+-------++-------
Melee: Short sword       |     8 |    15 ||    23
 Stab: Sleeping          |     2 |     1 ||     3
Armor: Robe              |     1 |       ||     1
Dodge: Dodged            |     2 |    11 ||    13
